 Dungeon Crawl Stone Soup version 0.29.1-1-gd02db6906a (webtiles) character file.

Game seed: 10139095579990500806

67 juncz the Magician (level 4, -1/34 HPs)
             Began as a Djinni Conjurer on Sept 25, 2022.
             Slain by a gnoll
             ... wielding a +0 club
             ... led by a gnoll bouda
              (2 damage)
             ... on level 4 of the Dungeon.
             The game lasted 00:06:00 (2622 turns).

juncz the Magician (Djinni Conjurer)                Turns: 2622, Time: 00:06:00

Health: -1/34      AC:  4    Str:  6    XL:     4   Next: 40%
Gold:   90         EV: 12    Int: 22    God:
                   SH:  0    Dex: 11

rFire   + + .      SeeInvis .   b - +0 dagger
rCold   x . .      Faith    .   (no shield)
rNeg    . . .      Spirit   .   a - +0 robe
rPois   ∞          Reflect  .   (no helmet)
rElec   .          Harm     .   (no cloak)
rCorr   .          Rampage  .   d - +1 pair of gloves
Will    .....                   (boots unavailable)
Stlth   ++........              (no amulet)
HPRegen 0.11/turn               (no ring)
MPRegen 0.00/turn               (no ring)

@: flying
A: sickness immunity, fire resistance 2, cold vulnerability 1, float, innate
caster, HP casting, extra vitality 1
a: no special abilities


You were on level 4 of the Dungeon.
You visited 1 branch of the dungeon, and saw 5 of its levels.

You collected 90 gold pieces.

Inventory:

Hand Weapons
 b - a +0 dagger (weapon)
Missiles
 e - 4 poisoned darts
 h - 5 silver javelins
Armour
 a - a +0 robe (worn)
 d - a +1 pair of gloves (worn)
Jewellery
 i - a +6 ring of strength
Scrolls
 c - a scroll of silence {unknown}
 f - a scroll of identify
 m - a scroll of summoning {unknown}
 o - a scroll of fear {unknown}
 p - a scroll of amnesia {unknown}
 r - a scroll of noise {unknown}
Potions
 g - a potion of haste {unknown}
 j - a potion of might {unknown}
 l - a potion of magic {unknown}
 n - a potion of degeneration {unknown}
 q - a potion of brilliance {unknown}
 s - a potion of attraction {unknown}


   Skills:
 + Level 2.4 Fighting
 - Level 2.1 Dodging
 - Level 1.5 Stealth
 + Level 3.9 Spellcasting


You couldn't memorise any spells.
You knew the following spells:

 Your Spells              Type           Power      Damage    Failure   Level
a - Magic Dart            Conj           84%        1d7       2%          1
b - Searing Ray           Conj           42%        2d6       3%          2
c - Dazzling Flash        Conj/Hex       42%        N/A       7%          3
d - Fulminant Prism       Conj/Hex       10%        3d9       22%         4
e - Iskenderun's Mystic   Conj/Tloc      21%        2d6       22%         4
f - Necrotise             Necr           84%        1d8       2%          1
Your spell library was empty.

Dungeon Overview and Level Annotations

Branches:
Dungeon (5/15)
 Temple: D:4-7

Altars:
Dithmenos

Annotations:
D:2 1 runed translucent door, Crazy Yiuf


Innate Abilities, Weirdness & Mutations

You are immune to sickness and miasma.
You are immune to poison.
Your flesh is very heat resistant. (rF++)
You are vulnerable to cold. (rC-)
You float through the air rather than walking.
You learn spells naturally, not from books.
Your magical power is your life essence.
You have superior vitality. (+4 MHP)


Message History

Press: ? - help, Shift-Dir - straight line, f - gnoll
Aim: a gnoll, wielding a +0 club (moderately wounded, ally target, chance to affect: 85%)
Okay, then.
Found 2 stones.
A goblin comes into view. It is wielding a +0 club.
The goblin shouts!
Your orc wizard skeleton hits the gnoll but does no damage.
Found a sling.
Casting: Necrotise (safe; 2% risk of failure)
Confirm with . or Enter, or press ? or * to list all spells.
Aiming: Necrotise (safe; 2% risk of failure)
Press: ? - help, Shift-Dir - straight line, f - goblin
Aim: a goblin, wielding a +0 club (chance to affect: 90%)
The goblin writhes in agony.
* * * LOW HITPOINT WARNING * * *
The goblin hits you with a +0 club.
* * * LOW HITPOINT WARNING * * *
Casting: Necrotise (safe; 2% risk of failure)
Confirm with . or Enter, or press ? or * to list all spells.
Aiming: Necrotise (safe; 2% risk of failure)
Press: ? - help, Shift-Dir - straight line, f/p - goblin
Aim: a goblin, wielding a +0 club (heavily wounded, ally target, chance to affect: 90%)
The goblin writhes in agony.
* * * LOW HITPOINT WARNING * * *
Your orc wizard skeleton crumbles into dust!
The goblin barely misses you.
You closely miss the goblin.
The goblin is severely wounded.
The goblin barely misses you.
You hit the goblin.
You kill the goblin!
Casting: Necrotise (safe; 2% risk of failure)
Confirm with . or Enter, or press ? or * to list all spells.
Aiming: Necrotise (safe; 2% risk of failure)
Press: ? - help, Shift-Dir - straight line, f - gnoll
Aim: a gnoll, wielding a +0 club (moderately wounded, chance to affect: 85%)
The gnoll barely resists.
* * * LOW HITPOINT WARNING * * *
The gnoll hits you with a +0 club.
You die...

##...##$....#..>.......
##...............##.....
##........Z###.##)#>....#
......#.#########......##
##....#...##...##...##...
##...#..##....##.......
#.....(.#....#.........
##+###.Z...#.#.........
##...##.g@...>....
#.......##........
#.................
#...........###..
............)# .
.............#
##...........## .......
..


You could see a gnoll.

Vanquished Creatures
  An orc wizard (D:4)
  A gnoll (D:4)
  2 worms (D:2)
  2 bats (D:2)
  4 endoplasms
  A giant cockroach (D:1)
  2 goblins
  3 hobgoblins
  2 jackals (D:3)
  4 ball pythons
  2 frilled lizards
  2 kobolds (D:2)
  2 rats (D:1)
28 creatures vanquished.

Notes
Turn   | Place    | Note
-------+----------+-------------------------------------------
     0 | D:1      | juncz the Djinni Conjurer began the quest for the Orb.
     0 | D:1      | juncz set off with the following spells memorised: Magic
                  | Dart, Searing Ray, Dazzling Flash, Fulminant Prism,
                  | Iskenderun's Mystic Blast.
     0 | D:1      | Reached XP level 1. HP: 15/15 MP: 0/0
   487 | D:1      | Found a faded altar of an unknown god.
   738 | D:1      | Reached skill level 1 in Fighting
   738 | D:1      | Reached XP level 2. HP: 20/22 MP: 0/0
  1490 | D:2      | Reached XP level 3. HP: 25/27 MP: 0/0
  1490 | D:2      | Learned a level 1 spell: Necrotise
  1763 | D:2      | Found a runed translucent door.
  1764 | D:2      | Noticed Crazy Yiuf
  2037 | D:2      | Identified the +1 robe of Gestures {Harm}
  2191 | D:3      | Found a shadowy altar of Dithmenos.
  2508 | D:3      | You are sucked into a shaft and drop 2 floors!
  2508 | D:5      | Entered Level 5 of the Dungeon
  2577 | D:5      | Noticed an ogre
  2587 | D:4      | Reached XP level 4. HP: 12/33 MP: 0/0
  2591 | D:4      | HP: 1/34 [gnoll/+0 club[a gnoll bouda] (4)]
  2622 | D:4      | Slain by a gnoll

Illustrated notes

Levels and vault maps discovered:
D:1:      lightli_arrival_statue_moat, layout_basic,
          ebering_ecumenical_altar_box
D:2:      layout_basic, serial_bayou_ford_a, uniq_crazy_yiuf_cottage
D:3:      layout_loops_cross, nicolae_sif_muna_condensation,
          grunt_dithmenos_smoke_and_mirrors, nicolae_figureground_pulse
D:4:      layout_cave_pools, gammafunk_temple_overflow_statue,
          minmay_temple_entry_arrows
D:5:      cheibrodos_iron_armory, layout_basic, mainiacjoe_overflow_alcove_1,
          minmay_statues_item, small_statue_intersection, nicolae_wormholes

Skill      XL: |  1  2  3 |
---------------+----------+-----
Fighting       | 1 2 |  2.4
Dodging        | |  2.1
Stealth        | |  1.5
Spellcasting   | |  3.9

Action                   |  1- 3 |  4- 6 || total
-------------------------+-------+-------++-------
Melee: Dagger            |       |     2 ||     2
Throw: Dart              |     1 |       ||     1
 Cast: Magic Dart        |    63 |       ||    63
       Necrotise         |     4 |     7 ||    11
  Use: Scroll            |     3 |       ||     3
Armor: Robe              |    12 |       ||    12
Dodge: Dodged            |    18 |     8 ||    26
